[Event "European Online Club-ch-B 2021"]
[Site "Online"]
[Date "2021.03.27"]
[Round "6.17"]
[White "Edouard, Romain"]
[Black "Santos Latasa, Jaime"]
[Result "1/2-1/2"]
[ECO "D38"]
[WhiteElo "2614"]
[BlackElo "2608"]
[Annotator "ChessBase"]
[PlyCount "103"]
[EventDate "2021.03.27"]
[EventType "team-tourn"]
[EventCountry "NET"]
[SourceTitle "playchess.com"]
[Source "ChessBase"]
[SourceQuality "1"]
[TimeControl "900+5"]

1. d4 Nf6 2. c4 e6 3. Nc3 d5 4. Nf3 Bb4 5. cxd5 exd5 6. Bg5 h6 7. Bh4 Nbd7 8. e3 g5 9. Bg3 Ne4 10. Nd2 Nxg3 11. hxg3 Nb6 12. Qc2 Be6 13. Nb3 c6 14. a3 Bd6 15. Nc5 Bxc5 16. dxc5 Nd7 17. Ne2 Qe7 18. b4 a5 19. Rb1 axb4 20. axb4 h5 21. Nd4 h4 22. gxh4 gxh4 23. g3 Qf6 24. gxh4 Ke7 25. b5 Bg4 26. bxc6 bxc6 27. Be2 Bxe2 28. Kxe2 Ne5 29. Rb6 Rhg8 30. Rhb1 Rg2 31. Qf5 Ra2+ 32. R1b2 Rxb2+ 33. Rxb2 Qxf5 34. Nxf5+ Kf6 35. Kf1 Rh2 36. Nd4 Rxh4 37. Nxc6 Nxc6 38. Rb6 Rc4 39. Rxc6+ Ke5 40. Ke2 Rc2+ 41. Kf3 d4 42. Rc7 dxe3 43. fxe3 f5 44. Rc8 Rc3 45. c6 f4 46. c7 Rxe3+ 47. Kf2 Kd6 48. Rf8 Kxc7 49. Rxf4 Re6 50. Rf3 Kd6 51. Re3 Rxe3 52. Kxe3 1/2-1/2

[Event "European Online Club-ch-B 2021"]
[Site "Online"]
[Date "2021.03.27"]
[Round "6.18"]
[White "Admiraal, Miguoel"]
[Black "Fontaine, Robert"]
[Result "1-0"]
[ECO "D91"]
[WhiteElo "2475"]
[BlackElo "2550"]
[Annotator "ChessBase"]
[PlyCount "107"]
[EventDate "2021.03.27"]
[EventType "team-tourn"]
[EventCountry "NET"]
[SourceTitle "playchess.com"]
[Source "ChessBase"]
[SourceQuality "1"]
[TimeControl "900+5"]

1. d4 Nf6 2. Bg5 d5 3. e3 Nbd7 4. Nf3 g6 5. c4 Bg7 6. Nc3 c6 7. cxd5 Nxd5 8. Nxd5 cxd5 9. Be2 O-O 10. O-O Nf6 11. Qb3 Ne4 12. Bf4 a5 13. Rfc1 a4 14. Qb4 Bf6 15. Bc7 Qd7 16. Bb5 Qf5 17. Bxa4 g5 18. Rc2 h5 19. Ne5 g4 20. Rf1 h4 21. f3 g3 22. h3 Ng5 23. Ng4 Bg7 24. Rc3 Qg6 25. Bc2 Qe6 26. Bf4 f6 27. Rc7 Bd7 28. Bb3 Rfe8 29. Qxb7 Rab8 30. Bxd5 Rxb7 31. Bxe6+ Nxe6 32. Rxb7 Nxf4 33. Rxd7 Ne2+ 34. Kh1 Rc8 35. a4 Rc2 36. a5 Rxb2 37. Ra1 f5 38. a6 Rb8 39. a7 Ra8 40. Ne5 f4 41. exf4 Nc3 42. Rb7 Bxe5 43. fxe5 Kf7 44. Rb8 Rxa7 45. Rxa7 Nd5 46. Ra6 Nf4 47. Rh8 e6 48. Rxh4 Nd3 49. Rh7+ Kg6 50. Re7 Kg5 51. Raxe6 Kf4 52. Ra6 Ke3 53. Ra3 Ke2 54. Rxd3 1-0

[Event "European Online Club-ch-B 2021"]
[Site "Online"]
[Date "2021.03.27"]
[Round "6.19"]
[White "Sokolov, Andrei"]
[Black "Matnadze, Ana"]
[Result "1/2-1/2"]
[ECO "B11"]
[WhiteElo "2516"]
[BlackElo "2421"]
[Annotator "ChessBase"]
[PlyCount "111"]
[EventDate "2021.03.27"]
[EventType "team-tourn"]
[EventCountry "NET"]
[SourceTitle "playchess.com"]
[Source "ChessBase"]
[SourceQuality "1"]
[TimeControl "900+5"]

1. e4 c6 2. Nc3 d5 3. Nf3 a6 4. h3 g6 5. d4 Bg7 6. Bd3 dxe4 7. Nxe4 Nf6 8. Nxf6+ exf6 9. Qe2+ Be6 10. Bc4 Qe7 11. O-O Bxc4 12. Qxc4 O-O 13. Bf4 a5 14. Rfe1 Qd7 15. a4 Na6 16. c3 Rac8 17. Re2 Nc7 18. Bxc7 Rxc7 19. Qc5 Ra8 20. Rae1 Bf8 21. Qb6 Kg7 22. Nd2 Ra6 23. Qb3 c5 24. d5 c4 25. Nxc4 Qxd5 26. Nd2 Qc6 27. Nf3 Rb6 28. Qd1 Rd7 29. Nd4 Qc7 30. Rd2 Rbd6 31. Qb3 Qc5 32. Red1 Qe5 33. Nf3 Rxd2 34. Rxd2 Rxd2 35. Nxe5 fxe5 36. Qb5 Rd1+ 37. Kh2 Bd6 38. g3 Rd2 39. Kg2 e4 40. Kf1 e3 41. fxe3 Bxg3 42. Qxb7 h5 43. b4 Rb2 44. Qe4 h4 45. bxa5 Rf2+ 46. Kg1 Re2 47. Qd4+ Kh6 48. Kf1 Rf2+ 49. Kg1 Re2 50. a6 f5 51. a7 Re1+ 52. Kg2 Re2+ 53. Kf1 Re1+ 54. Kg2 Re2+ 55. Kf1 Re1+ 56. Kg2 1/2-1/2

[Event "European Online Club-ch-B 2021"]
[Site "Online"]
[Date "2021.03.27"]
[Round "6.20"]
[White "De Rover, Yong Hoon"]
[Black "Riff, Jean-Noel"]
[Result "1/2-1/2"]
[ECO "A29"]
[WhiteElo "2349"]
[BlackElo "2499"]
[Annotator "ChessBase"]
[PlyCount "130"]
[EventDate "2021.03.27"]
[EventType "team-tourn"]
[EventCountry "NET"]
[SourceTitle "playchess.com"]
[Source "ChessBase"]
[SourceQuality "1"]
[TimeControl "900+5"]

1. Nf3 Nf6 2. c4 Nc6 3. g3 e5 4. Bg2 Bc5 5. O-O d6 6. d3 h6 7. a3 a5 8. Nc3 O-O 9. b3 Bg4 10. Bb2 Qd7 11. Rc1 Bh3 12. Nd5 Nxd5 13. cxd5 Ne7 14. Nxe5 dxe5 15. Bxh3 Qxd5 16. Qc2 Bd6 17. Qc4 Qxc4 18. bxc4 b6 19. Kh1 Rad8 20. c5 bxc5 21. Bg2 Rb8 22. Bc3 Rb3 23. Bxa5 Rxa3 24. Ra1 Rxa1 25. Rxa1 Rb8 26. Kg1 f5 27. Kf1 Kf7 28. Ke1 Ke6 29. Kd1 Nd5 30. Bd2 Nb4 31. Ra7 Rb6 32. Ra8 Ra6 33. Rxa6 Nxa6 34. Kc2 Nb4+ 35. Kb3 Nd5 36. Kc4 Nf6 37. h3 g5 38. Kb5 e4 39. Kc6 exd3 40. exd3 Nd7 41. f4 gxf4 42. gxf4 Nf6 43. Be3 Nh5 44. Bxc5 Nxf4 45. Bf1 Ke5 46. d4+ Ke4 47. Bxd6 cxd6 48. Kxd6 Kxd4 49. Ke7 Ke5 50. Kf7 h5 51. Kg7 Nd5 52. Kh6 Ne3 53. Be2 Ng2 54. Bxh5 Nf4 55. Bf3 Nxh3 56. Kh5 Kf4 57. Bg2 Nf2 58. Kh4 Ke3 59. Kg3 f4+ 60. Kh2 Ng4+ 61. Kg1 Ke2 62. Be4 Ne3 63. Bc6 Ke1 64. Bf3 Ng2 65. Kxg2 Kd2 1/2-1/2

[Event "European Online Club-ch-B 2021"]
[Site "Online"]
[Date "2021.03.27"]
[Round "7.1"]
[White "Santos Latasa, Jaime"]
[Black "Chlpik, Martin"]
[Result "1-0"]
[ECO "A77"]
[WhiteElo "2608"]
[BlackElo "2199"]
[Annotator "ChessBase"]
[PlyCount "75"]
[EventDate "2021.03.27"]
[EventType "team-tourn"]
[EventCountry "NET"]
[SourceTitle "playchess.com"]
[Source "ChessBase"]
[SourceQuality "1"]
[TimeControl "900+5"]

1. d4 Nf6 2. c4 c5 3. d5 e6 4. Nc3 exd5 5. cxd5 d6 6. Nf3 g6 7. Nd2 Nbd7 8. e4 Bg7 9. Be2 O-O 10. O-O Re8 11. a4 Ne5 12. Re1 g5 13. Nf1 g4 14. Ng3 Qe7 15. Bf4 Ng6 16. Bg5 Qe5 17. Bxf6 Qxf6 18. Bxg4 Qg5 19. Bxc8 Raxc8 20. Nf5 Nh4 21. Nxh4 Qxh4 22. g3 Qh3 23. Qf3 Re5 24. Nb5 Qd7 25. Nc3 Rf8 26. Qd3 f5 27. f4 fxe4 28. Nxe4 Rh5 29. Ng5 Bd4+ 30. Kh1 Qg7 31. Re6 Bxb2 32. Rae1 Qc3 33. Qe2 Qd4 34. Qxh5 Qxd5+ 35. Qf3 Qxg5 36. Qb3 Qg7 37. Rg6+ c4 38. Qxc4+ 1-0

[Event "European Online Club-ch-B 2021"]
[Site "Online"]
[Date "2021.03.27"]
[Round "7.2"]
[White "Solcan, Martin"]
[Black "Admiraal, Miguoel"]
[Result "0-1"]
[ECO "A07"]
[WhiteElo "2076"]
[BlackElo "2475"]
[Annotator "ChessBase"]
[PlyCount "48"]
[EventDate "2021.03.27"]
[EventType "team-tourn"]
[EventCountry "NET"]
[SourceTitle "playchess.com"]
[Source "ChessBase"]
[SourceQuality "1"]
[TimeControl "900+5"]

1. g3 d5 2. Bg2 e5 3. c4 d4 4. d3 Nc6 5. Nf3 Bb4+ 6. Bd2 a5 7. O-O Be7 8. a3 Nf6 9. Bg5 Nd7 10. Bxe7 Qxe7 11. Nbd2 Nc5 12. Rb1 O-O 13. Re1 a4 14. Qc2 Bf5 15. Nh4 Bd7 16. e3 dxe3 17. Rxe3 Nd4 18. Qc3 Qd6 19. Nhf3 f6 20. Ne4 Nxe4 21. Rxe4 Bc6 22. Nxd4 Bxe4 23. Ne6 Bxg2 24. Nxf8 Bc6 0-1

[Event "European Online Club-ch-B 2021"]
[Site "Online"]
[Date "2021.03.27"]
[Round "7.3"]
[White "Matnadze, Ana"]
[Black "Lecky, Juraj"]
[Result "1-0"]
[ECO "A62"]
[WhiteElo "2421"]
[BlackElo "2070"]
[Annotator "NA"]
[PlyCount "51"]
[EventDate "2021.03.27"]
[EventType "team-tourn"]
[EventCountry "NET"]
[SourceTitle "playchess.com"]
[Source "ChessBase"]
[SourceQuality "1"]
[TimeControl "900+5"]

1. d4 Nf6 2. Nf3 e6 3. c4 c5 4. d5 exd5 5. cxd5 d6 6. Nc3 g6 7. g3 Bg7 8. Bg2 O-O 9. O-O a6 10. a4 Re8 11. Bf4 Nh5 12. Bg5 Bf6 13. Bh6 Bg7 14. Qd2 Nd7 15. h3 Ne5 16. Nxe5 Bxe5 17. g4 Bxg4 18. hxg4 Qh4 19. Rfe1 Bh2+ 20. Kf1 Qxg4 21. Qg5 Qc4 22. Bf3 Re5 23. Qg4 Qb3 24. Qh4 Qxb2 25. Ne4 Rxe4 26. Qxe4 1-0

[Event "European Online Club-ch-B 2021"]
[Site "Online"]
[Date "2021.03.27"]
[Round "7.4"]
[White "Nikel, Rastislav"]
[Black "Grochal, Joey"]
[Result "0-1"]
[ECO "B49"]
[WhiteElo "1984"]
[BlackElo "2335"]
[Annotator "NA"]
[PlyCount "70"]
[EventDate "2021.03.27"]
[EventType "team-tourn"]
[EventCountry "NET"]
[SourceTitle "playchess.com"]
[Source "ChessBase"]
[SourceQuality "1"]
[TimeControl "900+5"]

1. e4 c5 2. Nf3 e6 3. d4 cxd4 4. Nxd4 Nc6 5. Nc3 Qc7 6. Be3 a6 7. Be2 Nf6 8. O-O Bb4 9. f3 O-O 10. Qd3 Ne5 11. Qd2 d5 12. Bg5 Nc4 13. Bxc4 Qxc4 14. Bxf6 gxf6 15. a3 Bc5 16. Nce2 e5 17. b3 Bxd4+ 18. Kh1 Qc5 19. Qh6 Qc6 20. exd5 Qxc2 21. Qxf6 Bxa1 22. Rxa1 Qf5 23. Qd6 Re8 24. Ng3 Qg6 25. Qc7 Bf5 26. d6 Red8 27. Rd1 Rd7 28. Qc5 Qe6 29. Re1 Re8 30. f4 f6 31. fxe5 fxe5 32. Rf1 Bg6 33. h4 Qg4 34. Rf3 Qxh4+ 35. Kg1 Qd4+ 0-1

[Event "European Online Club-ch-B 2021"]
[Site "Online"]
[Date "2021.03.27"]
[Round "7.5"]
[White "Gorodetzky, David"]
[Black "Edouard, Romain"]
[Result "1-0"]
[ECO "D02"]
[WhiteElo "2495"]
[BlackElo "2614"]
[Annotator "ChessBase"]
[PlyCount "109"]
[EventDate "2021.03.27"]
[EventType "team-tourn"]
[EventCountry "NET"]
[SourceTitle "playchess.com"]
[Source "ChessBase"]
[SourceQuality "1"]
[TimeControl "900+5"]

1. Nf3 d5 2. g3 g6 3. Bg2 Bg7 4. d4 Nh6 5. O-O Nf5 6. c3 O-O 7. Bf4 c6 8. Nbd2 Nd6 9. Re1 Bf5 10. Qb3 b6 11. Ne5 Qc8 12. c4 dxc4 13. Ndxc4 Be6 14. Qc3 Nxc4 15. Nxc4 Nd7 16. Red1 c5 17. Rac1 cxd4 18. Qa3 Qc5 19. Bxa8 Rxa8 20. Qxc5 bxc5 21. b3 Bd5 22. Bd2 Rc8 23. e3 Bf3 24. Re1 d3 25. Bc3 e5 26. Nd2 Be2 27. f3 Nb6 28. Kf2 Nd5 29. e4 Nxc3 30. Rxc3 Bh6 31. Nc4 f6 32. Rxe2 dxe2 33. Kxe2 Kf8 34. Rd3 Ke7 35. Rd6 Rc7 36. Ra6 Bc1 37. Kd1 Bh6 38. Kc2 Bg5 39. h4 Bh6 40. a4 Bg7 41. Ne3 Kf7 42. Nd5 Rd7 43. Rc6 h5 44. Rxc5 g5 45. Rc7 Rxc7+ 46. Nxc7 gxh4 47. gxh4 Bh6 48. Nb5 Be3 49. Nd6+ Ke6 50. Nf5 Bf2 51. Kd3 Kf7 52. b4 a6 53. a5 Kf8 54. b5 axb5 55. Ne3 1-0

[Event "European Online Club-ch-B 2021"]
[Site "Online"]
[Date "2021.03.27"]
[Round "7.7"]
[White "Parkhov, Yair"]
[Black "Sokolov, Andrei"]
[Result "1-0"]
[ECO "E39"]
[WhiteElo "2407"]
[BlackElo "2516"]
[Annotator "ChessBase"]
[PlyCount "59"]
[EventDate "2021.03.27"]
[EventType "team-tourn"]
[EventCountry "NET"]
[SourceTitle "playchess.com"]
[Source "ChessBase"]
[SourceQuality "1"]
[TimeControl "900+5"]

1. d4 Nf6 2. c4 e6 3. Nc3 Bb4 4. Qc2 c5 5. dxc5 O-O 6. Nf3 Na6 7. g3 Nxc5 8. Bg2 Nce4 9. O-O Nxc3 10. bxc3 Be7 11. e4 d6 12. e5 dxe5 13. Nxe5 Qa5 14. Qe2 Nd7 15. Bf4 Nc5 16. Rab1 Qxc3 17. Rfc1 Qa3 18. Rd1 a5 19. Rb5 Ra6 20. Bc1 Qa4 21. Be3 f6 22. Bxc5 Bxc5 23. Rxc5 fxe5 24. Rc7 Qe8 25. Qxe5 Qg6 26. Be4 Qf6 27. Qxf6 gxf6 28. Bxh7+ Kh8 29. c5 f5 30. Rd6 1-0

[Event "European Online Club-ch-B 2021"]
[Site "Online"]
[Date "2021.03.27"]
[Round "7.8"]
[White "Riff, Jean-Noel"]
[Black "Veinberg, Nimrod"]
[Result "1-0"]
[ECO "C95"]
[WhiteElo "2499"]
[BlackElo "2404"]
[Annotator "ChessBase"]
[PlyCount "105"]
[EventDate "2021.03.27"]
[EventType "team-tourn"]
[EventCountry "NET"]
[SourceTitle "playchess.com"]
[Source "ChessBase"]
[SourceQuality "1"]
[TimeControl "900+5"]

1. e4 e5 2. Nf3 Nc6 3. Bb5 a6 4. Ba4 Nf6 5. O-O Be7 6. Re1 b5 7. Bb3 d6 8. c3 O-O 9. h3 Bb7 10. d4 Re8 11. Nbd2 Bf8 12. Bc2 Nb8 13. a4 Nbd7 14. Bd3 c5 15. axb5 axb5 16. Rxa8 Qxa8 17. Bxb5 exd4 18. cxd4 Bxe4 19. dxc5 Bxf3 20. Rxe8 Qxe8 21. Nxf3 dxc5 22. Bg5 Qe6 23. b3 Ne5 24. Bf4 Nxf3+ 25. Qxf3 Qe1+ 26. Kh2 Qe4 27. Qxe4 Nxe4 28. Be3 Bd6+ 29. g3 Kf8 30. Kg2 Ke7 31. Kf3 Nf6 32. Bc4 Nd7 33. Ke4 Nf6+ 34. Kd3 Nd7 35. Bb5 Nf6 36. Kc4 Kd8 37. Bc6 Kc7 38. Bd5 Nd7 39. Kb5 f6 40. f4 g5 41. Be6 gxf4 42. gxf4 Nf8 43. f5 Nxe6 44. fxe6 f5 45. Bxc5 Bg3 46. Kc4 f4 47. b4 f3 48. Kd3 Kc6 49. b5+ Kc7 50. b6+ Kc6 51. e7 Kd7 52. b7 f2 53. Bxf2 1-0

[Event "European Online Club-ch-B 2021"]
[Site "Online"]
[Date "2021.03.27"]
[Round "7.9"]
[White "Efimov, Igor"]
[Black "Grandelius, Nils"]
[Result "0-1"]
[ECO "D00"]
[WhiteElo "2416"]
[BlackElo "2663"]
[Annotator "ChessBase"]
[PlyCount "98"]
[EventDate "2021.03.27"]
[EventType "team-tourn"]
[EventCountry "NET"]
[SourceTitle "playchess.com"]
[Source "ChessBase"]
[SourceQuality "1"]
[TimeControl "900+5"]

1. d4 Nf6 2. Bg5 d5 3. Bxf6 exf6 4. Nd2 Bd6 5. g3 c6 6. Bg2 Qb6 7. Nb3 a5 8. a4 Bg4 9. h3 Bf5 10. e3 Na6 11. c3 Nc7 12. Ne2 Ne6 13. g4 Bg6 14. f4 f5 15. Ng3 fxg4 16. hxg4 O-O-O 17. Kf2 Qc7 18. Nc1 f6 19. Nd3 Bf7 20. Nf5 Bf8 21. b4 g5 22. Qf3 gxf4 23. exf4 axb4 24. cxb4 Bg6 25. Qe3 Re8 26. Rhe1 Bh6 27. Nxh6 Bxd3 28. f5 Nd8 29. Qg3 Qg7 30. Qf4 Re7 31. b5 Rhe8 32. b6 Be4 33. Bxe4 Rxe4 34. Rxe4 Rxe4 35. Qd6 Re7 36. Re1 Rd7 37. Qf4 Qf8 38. Kg3 Qa3+ 39. Kh4 Qf8 40. a5 c5 41. dxc5 d4 42. a6 bxa6 43. Re6 Qxc5 44. Rxf6 d3 45. Qf3 Qd5 46. Qf1 Kb7 47. g5 d2 48. Qd1 Qe4+ 49. Ng4 Qe1+ 0-1

[Event "European Online Club-ch-B 2021"]
[Site "Online"]
[Date "2021.03.27"]
[Round "7.10"]
[White "Svane, Rasmus"]
[Black "Bagheri, Amir"]
[Result "1/2-1/2"]
[ECO "A07"]
[WhiteElo "2613"]
[BlackElo "2348"]
[Annotator "ChessBase"]
[PlyCount "162"]
[EventDate "2021.03.27"]
[EventType "team-tourn"]
[EventCountry "NET"]
[SourceTitle "playchess.com"]
[Source "ChessBase"]
[SourceQuality "1"]
[TimeControl "900+5"]

1. Nf3 Nf6 2. g3 d5 3. Bg2 c6 4. O-O Bg4 5. h3 Bxf3 6. Bxf3 Nbd7 7. d3 e5 8. e4 dxe4 9. dxe4 Bc5 10. Nd2 O-O 11. a4 a5 12. Qe2 Qc7 13. Rd1 Rfd8 14. Kg2 Nf8 15. Nb3 Rxd1 16. Qxd1 Bb6 17. Bg5 N6d7 18. Bg4 Nc5 19. Qf3 Nfe6 20. Bd2 Rd8 21. Nxc5 Bxc5 22. Rd1 Rd4 23. Bxe6 fxe6 24. Bc3 Rxd1 25. Qxd1 Bb4 26. Qh5 Qd7 27. Qxe5 Bxc3 28. Qxc3 b6 29. Qd3 Qe7 30. Qd4 c5 31. Qe5 Qd7 32. b3 Qc6 33. Kf3 h6 34. h4 Kh7 35. Ke3 Qd7 36. Ke2 Qc6 37. f3 b5 38. axb5 Qxb5+ 39. Kd2 Qb6 40. Kc3 a4 41. bxa4 Qb4+ 42. Kd3 c4+ 43. Ke2 Qxa4 44. Qc3 Qb5 45. g4 e5 46. h5 Qa4 47. Kd1 Qb5 48. Kc1 Qc5 49. Kb2 g6 50. Qd2 gxh5 51. gxh5 Kg7 52. Qd7+ Kf6 53. Qf5+ Ke7 54. Qh7+ Ke8 55. Qg8+ Ke7 56. Qg7+ Ke8 57. Qg6+ Ke7 58. Qh7+ Ke8 59. Qg8+ Ke7 60. Qg7+ Ke8 61. Kc3 Qd4+ 62. Kb4 Qb2+ 63. Kc5 Qd4+ 64. Kb5 Qb2+ 65. Kc6 Qxc2 66. Qxe5+ Kf7 67. Qf5+ Ke7 68. Qh7+ Ke8 69. Qg8+ Ke7 70. Qg7+ Ke8 71. Qe5+ Kf7 72. Qf5+ Ke7 73. Qd7+ Kf8 74. Qd6+ Kf7 75. Qd7+ Kf8 76. Qd6+ Kf7 77. Qf4+ Ke8 78. Qb8+ Kf7 79. Qc7+ Ke8 80. Qc8+ Kf7 81. Qd7+ Kf8 1/2-1/2

[Event "European Online Club-ch-B 2021"]
[Site "Online"]
[Date "2021.03.27"]
[Round "7.11"]
[White "Villegas, Pierre"]
[Black "Heinemann, Thies"]
[Result "1/2-1/2"]
[ECO "E42"]
[WhiteElo "2367"]
[BlackElo "2502"]
[Annotator "ChessBase"]
[PlyCount "78"]
[EventDate "2021.03.27"]
[EventType "team-tourn"]
[EventCountry "NET"]
[SourceTitle "playchess.com"]
[Source "ChessBase"]
[SourceQuality "1"]
[TimeControl "900+5"]

1. d4 Nf6 2. c4 e6 3. Nc3 Bb4 4. e3 b6 5. Nge2 c5 6. a3 Ba5 7. Rb1 Na6 8. f3 O-O 9. Kf2 d5 10. cxd5 Bxc3 11. Nxc3 exd5 12. dxc5 bxc5 13. b4 d4 14. exd4 cxb4 15. axb4 Nc7 16. Bc4 Bf5 17. Rb2 Nfd5 18. Nxd5 Nxd5 19. Bxd5 Qxd5 20. Be3 Rfc8 21. Qd2 Rc4 22. Rc1 Rac8 23. Rxc4 Rxc4 24. Ra2 h6 25. Ra5 Qxa5 26. bxa5 Rc2 27. Qxc2 Bxc2 28. a6 Bd3 29. d5 Bxa6 30. d6 Kf8 31. Bxa7 Ke8 32. Bc5 Kd7 33. Ba3 g6 34. h4 Ke6 35. g3 Bb5 36. Bb4 Bc6 37. Ba3 Bb5 38. Bb4 Bc6 39. Ba3 Bb5 1/2-1/2

[Event "European Online Club-ch-B 2021"]
[Site "Online"]
[Date "2021.03.27"]
[Round "7.12"]
[White "Kramer, Julian"]
[Black "Meylan, Andre"]
[Result "1-0"]
[ECO "C01"]
[WhiteElo "2419"]
[BlackElo "2205"]
[Annotator "NA"]
[PlyCount "61"]
[EventDate "2021.03.27"]
[EventType "team-tourn"]
[EventCountry "NET"]
[SourceTitle "playchess.com"]
[Source "ChessBase"]
[SourceQuality "1"]
[TimeControl "900+5"]

1. e4 e6 2. d4 d5 3. Bd3 c5 4. exd5 exd5 5. Nf3 Nf6 6. O-O c4 7. Be2 Be7 8. b3 cxb3 9. axb3 O-O 10. c3 Nc6 11. Na3 Ne4 12. Bb2 Bg4 13. Nc2 Re8 14. Ne3 Bh5 15. c4 dxc4 16. bxc4 Bf6 17. Nd5 Ng5 18. Nxf6+ Qxf6 19. Ne5 Bxe2 20. Qxe2 Nxe5 21. dxe5 Qc6 22. f4 Ne4 23. f5 Rad8 24. Rf4 Qc5+ 25. Kh1 Rd2 26. Qxe4 Rxb2 27. e6 fxe6 28. f6 gxf6 29. Rxf6 Qc6 30. Qg4+ Kh8 31. Rf7 1-0

[Event "European Online Club-ch-B 2021"]
[Site "Online"]
[Date "2021.03.27"]
[Round "7.16"]
[White "Ragger, Markus"]
[Black "Naudion, Gregoire"]
[Result "1-0"]
[ECO "C44"]
[WhiteElo "2680"]
[BlackElo "2146"]
[Annotator "ChessBase"]
[PlyCount "89"]
[EventDate "2021.03.27"]
[EventType "team-tourn"]
[EventCountry "NET"]
[SourceTitle "playchess.com"]
[Source "ChessBase"]
[SourceQuality "1"]
[TimeControl "900+5"]

1. e4 d6 2. d4 Nf6 3. Bd3 e5 4. c3 Nc6 5. Nf3 Bg4 6. d5 Ne7 7. h3 Bc8 8. c4 Ng6 9. Nc3 Be7 10. a4 O-O 11. a5 Nd7 12. Bc2 Nh4 13. Nxh4 Bxh4 14. Qh5 Nc5 15. b4 Na6 16. Rb1 c5 17. dxc6 bxc6 18. O-O Be6 19. Qe2 Rb8 20. Ba3 c5 21. bxc5 Rxb1 22. Rxb1 Qxa5 23. Nb5 dxc5 24. Bb2 Bf6 25. Bc3 Nb4 26. Bb3 a6 27. Nd6 Qc7 28. Nf5 Nc6 29. Ne3 Nd4 30. Qa2 Rb8 31. Bd1 Rxb1 32. Qxb1 Bd8 33. Nd5 Bxd5 34. exd5 Qb6 35. Qe4 Bc7 36. g4 g6 37. g5 f5 38. gxf6 Qxf6 39. Bg4 h5 40. Bd7 Kg7 41. Kg2 Qg5+ 42. Kh2 Qc1 43. Qe3 e4+ 44. Kg2 Qxe3 45. fxe3 1-0

[Event "European Online Club-ch-B 2021"]
[Site "Online"]
[Date "2021.03.27"]
[Round "7.17"]
[White "Sorensen, Hampus"]
[Black "Brunner, Nicolas"]
[Result "1/2-1/2"]
[ECO "D44"]
[WhiteElo "2395"]
[BlackElo "2418"]
[Annotator "NA"]
[PlyCount "82"]
[EventDate "2021.03.27"]
[EventType "team-tourn"]
[EventCountry "NET"]
[SourceTitle "playchess.com"]
[Source "ChessBase"]
[SourceQuality "1"]
[TimeControl "900+5"]

1. d4 d5 2. c4 e6 3. Nf3 Nf6 4. Bg5 dxc4 5. e4 b5 6. a4 c6 7. Nc3 Qb6 8. Be2 Bb7 9. O-O Nbd7 10. a5 Qa6 11. b3 Bb4 12. Qc2 Bxc3 13. Qxc3 Nxe4 14. Qb4 Nxg5 15. Nxg5 c5 16. dxc5 O-O 17. bxc4 bxc4 18. Rfc1 Ne5 19. Bxc4 Nxc4 20. Qxc4 Qxc4 21. Rxc4 Bd5 22. Rc2 Rfc8 23. Nf3 Bxf3 24. gxf3 Rc6 25. Rb1 Rac8 26. Rb7 g6 27. Rxa7 Rxc5 28. Rxc5 Rxc5 29. a6 Ra5 30. Kg2 Kg7 31. f4 Ra3 32. Ra8 Kf6 33. Ra7 h6 34. f3 g5 35. fxg5+ hxg5 36. Kf2 Kg6 37. Kg2 f6 38. Ra8 Kf5 39. a7 e5 40. Kf2 Ra2+ 41. Kg3 Ra4 1/2-1/2

[Event "European Online Club-ch-B 2021"]
[Site "Online"]
[Date "2021.03.27"]
[Round "7.18"]
[White "Mathieu, Phileas"]
[Black "Agrest, Inna"]
[Result "0-1"]
[ECO "C26"]
[WhiteElo "2240"]
[BlackElo "2285"]
[Annotator "NA"]
[PlyCount "80"]
[EventDate "2021.03.27"]
[EventType "team-tourn"]
[EventCountry "NET"]
[SourceTitle "playchess.com"]
[Source "ChessBase"]
[SourceQuality "1"]
[TimeControl "900+5"]

1. e4 e5 2. Nc3 Nc6 3. g3 Nf6 4. Bg2 Bc5 5. Nge2 a5 6. O-O d6 7. d3 a4 8. a3 O-O 9. h3 Bd7 10. Kh2 Nd4 11. f4 c6 12. Nxd4 Bxd4 13. Ne2 Ba7 14. g4 Nxg4+ 15. Kg3 exf4+ 16. Nxf4 Ne3 17. Bxe3 Bxe3 18. Qf3 Ba7 19. Kh2 Qh4 20. c3 f5 21. Rae1 Rae8 22. Qg3 Qxg3+ 23. Kxg3 fxe4 24. Bxe4 d5 25. Nxd5 Rxf1 26. Rxf1 cxd5 27. Bxd5+ Be6 28. Re1 Kf7 29. Bxb7 Rb8 30. Bc6 Rxb2 31. Rf1+ Ke7 32. Bxa4 g5 33. d4 Bb8+ 34. Kf3 Bxh3 35. Re1+ Kf6 36. Ke4 Ra2 37. Bb5 Bf5+ 38. Kf3 Rxa3 39. Rc1 Bf4 40. Ra1 Rxa1 0-1

[Event "European Online Club-ch-B 2021"]
[Site "Online"]
[Date "2021.03.27"]
[Round "7.19"]
[White "Rasti, Arvin"]
[Black "Adrian, Leopold"]
[Result "1-0"]
[ECO "A57"]
[WhiteElo "2195"]
[BlackElo "2009"]
[Annotator "NA"]
[PlyCount "103"]
[EventDate "2021.03.27"]
[EventType "team-tourn"]
[EventCountry "NET"]
[SourceTitle "playchess.com"]
[Source "ChessBase"]
[SourceQuality "1"]
[TimeControl "900+5"]

1. d4 Nf6 2. c4 c5 3. d5 b5 4. cxb5 a6 5. f3 axb5 6. e4 b4 7. Bc4 g6 8. Ne2 Bg7 9. O-O O-O 10. Be3 d6 11. Nd2 Nbd7 12. Qc2 Ne5 13. a3 Nxc4 14. Nxc4 Ba6 15. axb4 cxb4 16. Rfc1 Qc7 17. Qb3 Qxc4 18. Qxc4 Bxc4 19. Rxa8 Bxe2 20. Rcc8 Nd7 21. Rxf8+ Nxf8 22. Bg5 f6 23. Bd2 b3 24. Rb8 Bd1 25. Bc3 Kf7 26. Kf2 Nd7 27. Rb7 Nc5 28. Ra7 Bc2 29. Ke3 Bh6+ 30. Kd4 Bc1 31. Kc4 g5 32. Kb4 Nd3+ 33. Ka3 Nf4 34. Bb4 Kf8 35. Ra8+ Kf7 36. Ra7 Nd3 37. Bc3 h5 38. g3 Ne5 39. Bxe5 fxe5 40. Ra8 Bd1 41. Ra4 Kf6 42. Rc4 Be3 43. Rc8 Bc5+ 44. Ka4 Bxf3 45. Rf8+ Kg6 46. Rxf3 h4 47. gxh4 gxh4 48. h3 e6 49. dxe6 d5 50. exd5 e4 51. Rf4 e3 52. Re4 1-0

[Event "European Online Club-ch-B 2021"]
[Site "Online"]
[Date "2021.03.27"]
[Round "7.20"]
[White "Venard, Paul-Andre"]
[Black "Bjorklund, Thomas"]
[Result "1/2-1/2"]
[ECO "D35"]
[WhiteElo "2048"]
[BlackElo "2174"]
[Annotator "NA"]
[PlyCount "67"]
[EventDate "2021.03.27"]
[EventType "team-tourn"]
[EventCountry "NET"]
[SourceTitle "playchess.com"]
[Source "ChessBase"]
[SourceQuality "1"]
[TimeControl "900+5"]

1. d4 d5 2. c4 e6 3. Nf3 Nf6 4. Nc3 Be7 5. cxd5 exd5 6. Bf4 c6 7. Qc2 O-O 8. h3 Re8 9. e3 Nbd7 10. Bd3 Nf8 11. O-O-O b5 12. Ne5 Qb6 13. g4 a5 14. Rdg1 a4 15. g5 N6d7 16. Bxh7+ Nxh7 17. g6 Nxe5 18. gxh7+ Kh8 19. Bxe5 Bf8 20. Rg3 b4 21. Nxa4 Rxa4 22. Qxa4 Bf5 23. Rhg1 Rxe5 24. Qa8 Kxh7 25. Qxf8 Bg6 26. Rxg6 fxg6 27. dxe5 Qb5 28. Qf4 b3 29. a3 Qd3 30. Qh4+ Kg8 31. Qd8+ Kh7 32. Qh4+ Kg8 33. Qd8+ Kh7 34. Qh4+ 1/2-1/2